cohdb
Replays
Latest Replays
All Replays
Popular Replays
Top Player Replays
Match Explorer
How It Works
Community
CoH3 Stats
Reddit
Sign in to upload your games and track your stats! →
Sign in with Steam
Match 45440010
Unlisted
Match 45440010
Overview
Messages
Build Orders
End
Selects Special Operations Battlegroup
Selects M29 Weasel Recon Vehicle
M29 Weasel Recon Vehicle
Construct Barracks
Riflemen Squad
Riflemen Squad
Air Support Center
Construct Medical Station
P-47 Strafing Run
Riflemen Squad
Selects Raiding Flares
Construct Motor Pool
P-47 Strafing Run
Selects SSF Commando Squad
SSF Commando Squad
Grasshopper Recon Run
P-47 Dive Bomb
Engineer Squad
Air Supply
M1918 Browning Automatic Rifles
M24 Chaffee Light Tank
M1 Anti-tank Gun Team
Double Sortie
P-47 Strafing Run
Grenade Package
P-47 Strafing Run
K̳itsuné
Lizenz
0
0
Comments
sign in to comment!
No comments posted yet!